Map: [TLMC15] Berlingrad

Players

DPGZest (Zest) - Winner!

  • Race: Protoss Protoss

Solar

  • Race: Zerg Zerg
  • League: Master

Event: StayAtHome Story Cup #4

VOD

Have the link to the VOD?

Description

Time

  • Played on: Oct. 23, 2021, 7:22 a.m.
  • Length: 8:50

All games in this series

Show
View Real Time Build Order
Export as new Build Order

DPGZest Protoss - Winner!

Build Orders: 1 Gate Expand, Oracle Opening 

Get SALT Encoding   

  12  0:00  Probe  
  13  0:12  Probe  
  14  0:19  Pylon  
  14  0:24  Probe  
  15  0:38  Probe (Chrono Boost)  
  15  0:40  Gateway  
  16  0:47  Probe (Chrono Boost)  
  16  0:49  Assimilator  
  17  0:52  Probe (Chrono Boost)  
  19  1:04  Probe  
  19  1:16  Probe  
  20  1:26  Nexus  
  20  1:36  Cybernetics Core  
  20  1:39  Probe  
  21  1:45  Assimilator  
  21  1:51  Probe  
  22  1:54  Pylon  
  22  2:03  Probe (Chrono Boost)  
  23  2:12  Adept  
  23  2:14  Probe (Chrono Boost)  
  26  2:16  Stargate  
  26  2:19  Probe (Chrono Boost)  
  27  2:25  Warp Gate  
  27  2:31  Probe (Chrono Boost)  
  28  2:38  Probe (Chrono Boost)  
  28  2:42  Adept  
  32  2:47  Probe (Chrono Boost)  
  32  2:48  Probe (Chrono Boost)  
  32  2:51  Void Ray (Chrono Boost)  
  33  2:53  Probe (Chrono Boost)  
  33  2:54  Probe  
  35  3:04  Probe  
  40  3:06  Probe  
  40  3:07  Pylon  
  41  3:14  Gateway  
  41  3:17  Probe  
  41  3:18  Probe  
  43  3:24  Oracle (Chrono Boost)  
  46  3:29  Probe  
  46  3:30  Probe  
  46  3:41  Probe  
  46  3:42  Probe  
  48  3:52  Nexus  
  48  3:53  Probe  
  48  3:54  Pylon, Probe  
  50  3:57  Assimilator  
  50  3:59  Assimilator  
  50  4:05  Probe  
  50  4:07  Probe  
  52  4:13  Stargate  
  52  4:16  Pylon  
  52  4:18  Probe  
  52  4:19  Probe  
  52  4:20  Protoss Air Weapons Level 1  
  54  4:26  Void Ray  
  54  4:30  Probe (Chrono Boost)  
  56  4:31  Probe (Chrono Boost)  
  60  4:42  Probe (Chrono Boost)  
  60  4:43  Probe (Chrono Boost)  
  62  4:48  Shield Battery  
  62  4:50  Probe x2 (Chrono Boost)  
  62  4:51  Forge  
  64  4:56  Probe (Chrono Boost)  
  64  4:57  Pylon  
  65  5:00  Probe (Chrono Boost)  
  65  5:02  Void Ray  
  65  5:03  Void Ray  
  65  5:05  Probe (Chrono Boost)  
  66  5:08  Probe (Chrono Boost)  
  77  5:14  Probe (Chrono Boost)  
  77  5:15  Probe x2 (Chrono Boost)  
  77  5:16  Pylon  
  77  5:17  Assimilator  
  77  5:19  Probe (Chrono Boost)  
  79  5:22  Probe x2  
  79  5:23  Assimilator  
  81  5:31  Probe  
  81  5:32  Stargate  
  81  5:34  Probe x2  
  84  5:41  Void Ray x2, Pylon  
  84  5:43  Probe  
  84  5:46  Probe  
  84  5:47  Probe  
  95  5:50  Pylon  
  95  5:54  Adept  
  97  6:01  Fleet Beacon  
  97  6:02  Pylon  
  97  6:07  Nexus  
  97  6:13  Pylon  
  97  6:15  Probe  
  97  6:17  Void Ray x2 (Chrono Boost)  
  97  6:18  Void Ray (Chrono Boost)  
  98  6:29  Probe  
  98  6:30  Probe x2  
  113  6:36  Photon Cannon  
  113  6:37  Shield Battery  
  113  6:39  Pylon  
  113  6:41  Robotics Facility  
  113  6:43  Photon Cannon  
  113  6:45  Adept  
  115  6:51  Adept  
  117  7:00  Flux Vanes  
  117  7:06  Void Ray x2 (Chrono Boost), Probe x2  
  114  7:10  Void Ray (Chrono Boost)  
  114  7:15  Probe  
  127  7:18  Probe  
  127  7:19  Photon Cannon, Probe  
  127  7:21  Pylon, Shield Battery  
  129  7:26  Probe  
  129  7:27  Probe  
  129  7:29  Observer  
  132  7:31  Probe x2  
  132  7:35  Void Ray (Chrono Boost)  
  134  7:38  Void Ray x2 (Chrono Boost)  
  134  7:39  Probe  
  147  7:55  Sentry  
  145  8:07  Void Ray (Chrono Boost)  
  139  8:21  Photon Cannon  
  139  8:22  Photon Cannon  
  139  8:24  Photon Cannon  
  139  8:26  Shield Battery  
  130  8:27  Pylon  
  126  8:45  Pylon  
Show
View Real Time Build Order
Export as new Build Order

Solar Zerg 

Build Orders: Hatch First 

Get SALT Encoding   

  12  0:00  Drone  
  13  0:12  Overlord  
  13  0:16  Drone  
  14  0:31  Drone x2  
  16  0:48  Hatchery  
  15  0:51  Drone  
  15  0:54  Drone  
  17  0:57  Drone  
  18  1:10  Extractor  
  17  1:15  Spawning Pool  
  17  1:16  Drone  
  17  1:20  Drone  
  18  1:29  Drone  
  19  1:39  Drone  
  20  1:50  Overlord  
  20  2:02  Queen x2  
  20  2:03  Zergling x2, Drone  
  26  2:11  Drone x2  
  26  2:15  Metabolic Boost  
  28  2:21  Drone  
  29  2:26  Drone  
  30  2:35  Hatchery  
  30  2:37  Drone  
  30  2:43  Queen  
  32  2:47  Overlord  
  32  2:50  Drone  
  33  2:52  Drone  
  33  2:55  Drone  
  33  2:56  Drone  
  36  3:07  Drone x2  
  36  3:09  Queen  
  36  3:10  Drone  
  36  3:11  Drone  
  42  3:13  Drone  
  42  3:17  Overlord  
  43  3:20  Drone  
  43  3:25  Overlord  
  44  3:30  Overlord  
  44  3:39  Zergling x2  
  43  3:43  Queen  
  43  3:45  Spore Crawler, Drone  
  45  3:48  Drone  
  45  3:49  Spore Crawler  
  45  3:50  Queen  
  45  3:51  Drone  
  45  3:53  Zergling x4  
  45  3:55  Drone  
  51  3:58  Drone  
  51  3:59  Drone  
  51  4:02  Drone x2  
  55  4:03  Drone  
  55  4:08  Evolution Chamber  
  55  4:09  Overlord  
  55  4:11  Drone  
  55  4:15  Drone x2  
  58  4:18  Drone  
  58  4:19  Drone  
  58  4:23  Drone  
  59  4:25  Drone x2  
  59  4:26  Drone  
  59  4:28  Drone x3  
  65  4:34  Zerg Melee Weapons Level 1  
  65  4:35  Drone x2  
  65  4:36  Extractor  
  65  4:37  Drone x2  
  67  4:39  Drone  
  67  4:41  Overlord  
  67  4:43  Drone  
  67  4:44  Drone  
  70  4:50  Drone  
  70  4:52  Drone  
  72  4:56  Overlord, Queen  
  74  5:00  Drone x3  
  74  5:04  Drone x2  
  74  5:05  Extractor  
  74  5:06  Extractor  
  79  5:07  Baneling Nest, Zergling x8  
  79  5:10  Overlord  
  80  5:14  Drone x2  
  80  5:18  Lair, Drone  
  80  5:20  Drone x2  
  84  5:27  Overlord  
  84  5:29  Drone x2  
  84  5:31  Drone  
  84  5:35  Queen  
  89  5:38  Extractor  
  89  5:39  Extractor  
  89  5:40  Zergling x6  
  89  5:41  Drone x3  
  93  5:43  Hatchery  
  93  5:45  Drone  
  93  5:47  Pneumatized Carapace  
  93  5:48  Zergling x4  
  94  5:50  Overlord  
  94  5:51  Drone x2  
  96  6:01  Overlord  
  96  6:03  Drone  
  97  6:04  Drone x2  
  97  6:06  Zergling x10  
  97  6:10  Drone x3  
  107  6:14  Queen  
  107  6:15  Overseer  
  107  6:16  Centrifugal Hooks  
  107  6:17  Evolution Chamber  
  108  6:20  Drone x3  
  108  6:23  Overlord  
  108  6:25  Overseer  
  111  6:29  Zergling x4  
  113  6:34  Zergling x2  
  113  6:36  Overlord  
  114  6:41  Zergling x12  
  114  6:46  Overlord  
  120  6:47  Zergling x6  
  120  6:49  Overlord  
  120  6:53  Overlord x2  
  122  6:57  Queen  
  122  6:58  Overlord  
  122  7:00  Zergling x6  
  122  7:05  Zergling x2  
  115  7:11  Queen  
  115  7:12  Zergling x16  
  115  7:13  Infestation Pit  
  123  7:16  Zergling x2  
  123  7:20  Queen, Zergling x4  
  123  7:21  Drone  
  129  7:27  Baneling  
  129  7:28  Baneling x16  
  130  7:30  Zergling x6  
  130  7:33  Baneling x8  
  130  7:36  Zergling x4  
  134  7:39  Zergling x8  
  134  7:44  Hatchery  
  137  7:45  Queen  
  137  7:46  Drone x2  
  140  7:53  Overlord x2  
  140  7:55  Overlord  
  140  7:57  Overlord  
  123  7:59  Overlord  
  123  8:00  Overlord  
  118  8:12  Zergling x8  
  117  8:13  Zergling x6  
  115  8:20  Zergling x12  
  121  8:30  Hatchery  
Tags
 
Add a new tag
Caveats
  • Supply blocks, unpowered buildings, or Contaminate may cause inaccurate times.
  • Supply counts are checked every 10 seconds.